 Dungeon Crawl Stone Soup version 0.23-a0-143-g1adec7bb76 (webtiles) character file.

553 PikkenKukken the Insei (level 7, -9/54 HPs)
             Began as a Demonspawn Monk on Sept 2, 2018.
             Mangled by an ogre
             ... wielding a +0 giant spiked club
              (12 damage)
             ... on level 4 of the Dungeon.
             The game lasted 00:11:24 (4636 turns).

PikkenKukken the Insei (Demonspawn Monk)            Turns: 4636, Time: 00:11:25

Health: -9/54      AC: 11    Str:  8    XL:     7   Next: 8%
Magic:  7/7        EV: 14    Int: 12    God:
Gold:   210        SH:  0    Dex: 17    Spells: 6/6 levels left

rFire    . . .     SeeInvis .     - Unarmed
rCold    . . .     Gourm    .   (no shield)
rNeg     . . .     Faith    .   a - +0 robe
rPois    .         Spirit   .   (no helmet)
rElec    .         Reflect  .   (no cloak)
rCorr    +         Harm     .   (no gloves)
MR       .....                  (no boots)
Stlth    +++.......             (no amulet)
HPRegen  0.18/turn              e - -3 ring of strength (curse)
MPRegen  0.10/turn              h - ring of resist corrosion

@: sanguine armour
A: claws 1, powered by death 1, sanguine armour 2
a: no special abilities


You were on level 4 of the Dungeon.
You were not hungry.

You visited 1 branch of the dungeon, and saw 4 of its levels.

You collected 210 gold pieces.

Inventory:

Armour
 a - a +0 robe (worn)
Jewellery
 e - a cursed -3 ring of strength (left claw)
 h - a ring of resist corrosion (right claw)
Wands
 j - a wand of digging (12)
Scrolls
 d - 4 scrolls of identify
Potions
 i - a potion of curing
Comestibles
 b - 5 rations
 c - 7 chunks of flesh


   Skills:
 + Level 4.2 Fighting
 + Level 2.5 Throwing
 + Level 3.8 Dodging
 + Level 3.4 Stealth
 * Level 4.8 Unarmed Combat


You had 6 spell levels left.
You didn't know any spells.
Your spell library was empty.

Dungeon Overview and Level Annotations

Branches:
Dungeon (4/15)
 Temple: D:4-7

Altars:


Innate Abilities, Weirdness & Mutations

You have sharp fingernails.
You regenerate a little health from kills.
When seriously injured, your bleeding wounds create thick armour. (AC +9)


Message History

The ogre hits you with a giant spiked club!
You scratch the ogre but do no damage.
The ogre is lightly wounded.
The ogre misses you.
You claw the ogre!
The ogre is heavily wounded.
You barely miss the ogre.
The ogre is heavily wounded.
The ogre hits you with a giant spiked club!
* * * LOW HITPOINT WARNING * * *
You barely miss the ogre.
The ogre is heavily wounded.
The ogre hits you with a giant spiked club.
* * * LOW HITPOINT WARNING * * *
You claw the ogre!
The ogre is almost dead.
You barely miss the ogre.
The ogre is almost dead.
The ogre hits you with a giant spiked club!
You die...

# #.# #.##### # #.#
#.....#
#####.############.#
'............>...#.#######
#.###....................#
#.# ############....####.#
#.# #.####....####.# #.#
#.##.#....#..#.# #.#
#.....@......#.### #.#
#.....O......#...# #.#
#....#....######.# #.#
#................#
#....#############
#..[........#
#..(........#
#<.)........#
#..)........#


You could see an ogre.

Vanquished Creatures
  An orc warrior (D:3)
  A scorpion (D:4)
  A howler monkey (D:4)
  Terence (D:2)
  2 orc wizards
  A worker ant (D:4)
  6 adders
  8 gnolls
  2 oozes
  A dart slug (D:4)
  2 leopard geckos
  7 orcs
  5 giant cockroaches
  9 goblins
  15 hobgoblins
  13 jackals
  2 quokkas
  3 ball pythons
  10 bats
  8 frilled lizards
  A jackal skeleton (D:4)
  16 kobolds
  12 rats
127 creatures vanquished.

Notes
Turn   | Place    | Note
-------+----------+-------------------------------------------
     0 | D:1      | PikkenKukken the Demonspawn Monk began the quest for the
                  | Orb.
     0 | D:1      | Reached XP level 1. HP: 18/18 MP: 1/1
   169 | D:1      | Gained mutation: You regenerate a little health from kills.
                  | [demonic ancestry]
   169 | D:1      | Reached XP level 2. HP: 24/24 MP: 2/2
   663 | D:1      | Gained mutation: When seriously injured, your bleeding
                  | wounds create armour. (AC +9) [demonic ancestry]
   663 | D:1      | Reached XP level 3. HP: 29/29 MP: 3/3
  1345 | D:2      | Reached skill level 1 in Throwing
  1528 | D:2      | Gained mutation: When seriously injured, your bleeding
                  | wounds create thick armour. (AC +9) [demonic ancestry]
  1528 | D:2      | Reached XP level 4. HP: 28/35 MP: 4/4
  2062 | D:2      | Noticed Terence
  2089 | D:2      | Killed Terence
  2695 | D:3      | Reached XP level 5. HP: 41/41 MP: 5/5
  3659 | D:3      | Noticed an orc warrior
  3682 | D:3      | Killed an orc warrior
  3682 | D:3      | Reached XP level 6. HP: 35/48 MP: 6/6
  4446 | D:4      | Gained mutation: You have sharp fingernails. [demonic
                  | ancestry]
  4446 | D:4      | Reached XP level 7. HP: 16/54 MP: 7/7
  4634 | D:4      | HP: 2/54 [ogre/giant spiked club (1)]
  4636 | D:4      | Mangled by an ogre

Vault maps used:
D:1:      enne_arrival_octagon_isle, minmay_cut_off
D:2:      first_ration, hangedman_decor_lopped, uniq_terence
D:4:      vehumet_altar_wand_db

Skill      XL: |  1  2  3  4  5  6 |
---------------+-------------------+-----
Stealth        | 2 3 |  3.4
Unarmed Combat | 3 4 |  4.8
Dodging        | 3 |  3.8
Throwing       | 1 2 |  2.5
Fighting       | 4 |  4.2

Action                   |  1- 3 |  4- 6 |  7- 9 || total
-------------------------+-------+-------+-------++-------
Melee: Unarmed           |   106 |   243 |    21 ||   370
       Punch             |     1 |     7 |       ||     8
Throw: Javelin           |    41 |    67 |     1 ||   109
  Use: Scroll            |     1 |     1 |       ||     2
       Potion            |     2 |     1 |       ||     3
  Eat: Chunk             |     2 |     9 |     1 ||    12
Armor: Robe              |    14 |    39 |     3 ||    56
Dodge: Dodged            |    59 |   176 |     9 ||   244

Table legend:
 A = Non-vault XP
 B = Vault XP
 C = Vault XP percentage of total XP
 D = Non-vault monster count
 E = Vault monster count
 F = Vault count percentage of total count
                 A         B        C        D         E       F
            +---------+---------+-------+---------+---------+-------
      Total |     750 |      40 |   5.1 |     124 |       3 |   2.4
            +---------+---------+-------+---------+---------+-------
        D:1 |      56 |       2 |   3.4 |      33 |       2 |   5.7
        D:2 |      92 |      38 |  29.2 |      41 |       1 |   2.4
        D:3 |     321 |       0 |   0.0 |      32 |       0 |   0.0
        D:4 |     281 |       0 |   0.0 |      18 |       0 |   0.0
            +---------+---------+-------+---------+---------+-------
